 Dungeon Crawl Stone Soup version 0.23.2-40-g277498a001 (webtiles) character file.

Game seed: 9918010354021426575

2365 Descartes the Covert (level 9, -10/39 HPs)
             Began as a Spriggan Conjurer on Sept 16, 2019.
             Was a Follower of Dithmenos.
             Killed by the air
             ... invoked by Gastronok
              (35 damage)
             ... on level 8 of the Dungeon.
             The game lasted 00:38:31 (12729 turns).

Descartes the Covert (Spriggan Conjurer)           Turns: 12729, Time: 00:38:32

Health: -10/39     AC:  3    Str:  4    XL:     9   Next: 21%
Magic:  3/27       EV: 28    Int: 20    God:    Dithmenos [*.....]
Gold:   331        SH:  0    Dex: 16    Spells: 5/19 levels left

rFire    . . .     SeeInvis +   S - +2 dagger (venom)
rCold    . . .     Gourm    .   (shield restricted)
rNeg     . . .     Faith    .   D - +0 robe
rPois    .         Spirit   .   (helmet restricted)
rElec    .         Reflect  .   J - +0 cloak
rCorr    .         Harm     .   (gloves unavailable)
MR       +....                  (boots unavailable)
Stlth    +++++.....             N - amulet of magic regeneration
HPRegen  0.13/turn              h - +6 ring of evasion
MPRegen  0.45/turn              G - ring of magical power

@: wreathed by umbra, very quick
A: very small, unfitting armour, see invisible, herbivore, speed 3, slow
metabolism 2
a: Renounce Religion


You were on level 8 of the Dungeon.
You worshipped Dithmenos.
Dithmenos was aware of your devotion.
You were hungry.

You visited 2 branches of the dungeon, and saw 9 of its levels.

You collected 331 gold pieces.

Inventory:

Hand Weapons
 a - a +0 rapier
 b - a +0 hunting sling
 O - a +3 dagger of freezing
 S - a +2 dagger of venom (weapon)
Missiles
 f - 80 sling bullets
 m - 34 bolts
 u - 5 tomahawks (quivered)
 x - 142 stones
 y - 30 poisoned needles
 C - 45 arrows
Armour
 D - a +0 robe (worn)
 J - a +0 cloak (worn)
Jewellery
 e - a +3 ring of strength
 h - a +6 ring of evasion (left hand)
 G - a ring of magical power (right hand)
 N - an amulet of magic regeneration (around neck)
Wands
 r - a wand of flame (26)
 K - a wand of acid (13)
 M - a wand of enslavement (8)
 Q - a wand of random effects (21)
 R - a wand of disintegration (14)
Scrolls
 d - 3 scrolls of magic mapping
 g - a scroll of blinking
 j - a scroll of teleportation {unknown}
 l - 4 scrolls of remove curse {unknown}
 n - 2 scrolls of random uselessness {unknown}
 p - 2 scrolls of fear {unknown}
 t - 2 scrolls of immolation {unknown}
 A - 2 scrolls of amnesia {unknown}
 E - 2 scrolls of enchant weapon {unknown}
 H - 2 scrolls of enchant armour {unknown}
 I - 2 scrolls of identify
 P - a scroll of fog
Potions
 i - 2 potions of heal wounds {unknown}
 k - a potion of might
 o - a potion of ambrosia
 q - a potion of lignification
 s - a potion of flight
 v - 5 potions of agility
 w - a potion of magic {unknown}
 z - a potion of cancellation {unknown}
 B - a potion of haste {unknown}
 F - a potion of brilliance {unknown}
 L - 2 potions of curing {unknown}
Comestibles
 c - 11 rations


   Skills:
 + Level 6.7 Dodging
 * Level 9.8 Stealth
 + Level 5.7 Spellcasting
 * Level 5.4 Conjurations
 + Level 4.0 Hexes
 + Level 2.4 Translocations
 + Level 3.1 Invocations
 + Level 4.8 Evocations


You had 5 spell levels left.
You knew the following spells:

 Your Spells              Type           Power        Failure   Level  Hunger
a - Magic Dart            Conj           ####         1%          1    None
b - Searing Ray           Conj           ####..       1%          2    None
c - Dazzling Spray        Conj/Hex       ###...       4%          3    ##.....
d - Fulminant Prism       Conj/Hex       ###.......   16%         4    ####...
e - Force Lance           Conj/Tloc      ###.....     22%         4    ####...

Your spell library contained the following spells:

 Spells                   Type           Power        Failure   Level  Hunger
 Confusing Touch          Hex            ###...       1%          1    None
 Flame Tongue             Conj/Fire      ###..        3%          1    None
 Apportation              Tloc           ###...       4%          1    None
 Throw Flame              Conj/Fire      ###...       5%          2    None
 Animate Skeleton         Necr           N/A          11%         1    None
 Summon Small Mammal      Summ           #...         11%         1    None
 Conjure Flame            Conj/Fire      ###.....     11%         3    ##.....
 Iskenderun's Mystic Bla  Conj           ####....     11%         4    ####...
 Inner Flame              Hex/Fire       ##......     14%         3    ##.....
 Sticky Flame             Conj/Fire      ###.....     34%         4    ####...
 Fireball                 Conj/Fire      ###.......   67%         5    #####..
 Iskenderun's Battlesphe  Conj/Chrm      ###.....     67%         5    #####..
 Venom Bolt               Conj/Pois      ###.......   67%         5    #####..
 Bolt of Magma            Conj/Fire/Erth ##........   80%         5    #####..
 Iron Shot                Conj/Erth      ###.......   99%         6    #######
 Orb of Destruction       Conj           ####......   100%        7    #######
 Spellforged Servitor     Conj/Summ      ###.......   100%        7    #######


Dungeon Overview and Level Annotations

Branches:
Dungeon (8/15)             Temple (1/1) D:4
   Lair: D:8-11

Altars:
Ashenzari
Cheibriados
Dithmenos
Elyvilon
Fedhas
Gozag
Hepliaklqana
Kikubaaqudgha
Makhleb
Nemelex Xobeh
Okawaru
Qazlal
Ru
Sif Muna
Trog
Uskayaw
Vehumet
Wu Jian
Xom
Yredelemnul
Zin
The Shining One

Shops:
D:7 *

Annotations:
D:6 !, 2 runed translucent doors, exclusion: statue, chimenez's ghost, novice TrMo
D:7 Joseph
D:8 Gastronok


Innate Abilities, Weirdness & Mutations

You are very small and have problems with some larger weapons.
You are too small for most types of armour.
You have supernaturally acute eyesight. (SInv)
You are a herbivore.
You cover ground extremely quickly.
You need to consume almost no food.


Message History

Gastronok waves his eye-stalks in wide circles.
The air twists around and strikes you!
Casting: Searing Ray (safe; 1% risk of failure)
Confirm with . or Enter, or press ? or * to list all spells.
Aiming: Magic Dart (safe; 1% risk of failure)
Press: ? - help, Shift-Dir - straight line, f/p - Gastronok
Aim: Gastronok, wearing a +1 hat (severely wounded)
The magic dart hits Gastronok.
Gastronok is almost dead.
Casting: Magic Dart (safe; 1% risk of failure)
Confirm with . or Enter, or press ? or * to list all spells.
Aiming: Magic Dart (safe; 1% risk of failure)
Press: ? - help, Shift-Dir - straight line, f/p - Gastronok
Aim: Gastronok, wearing a +1 hat (almost dead)
The magic dart hits Gastronok.
Gastronok is almost dead.
Gastronok waves his eye-stalks in wide circles.
The air twists around and strikes you!
Ouch! That really hurt!
You die...

#####
########...#######
.........#..##...###
###########.##.#.s.###
#.#..###...#
###...######.###
#.......@......#
#w##########.#.# #.#
#.#.# #r# #...# #.#
#...# #.# #.†.## #.#
########.#..# #.#
#........#..# #.#
#.########..#########


You could see Gastronok.

Vanquished Creatures
  A two-headed ogre (D:8)
  A phantom (D:5)
  An orc warrior (D:5)
  2 bullfrogs
  A water moccasin zombie (D:5)
  3 scorpions
  2 howler monkeys
  5 wights
  A bullfrog zombie (D:5)
  A centaur zombie (D:5)
  4 hounds
  An orc priest (D:3)
  2 bullfrog skeletons
  A centaur skeleton (D:6)
  3 iguanas
  4 orc wizards
  7 worker ants
  A worker ant zombie (D:6)
  11 adders
  An ooze (D:4)
  An adder zombie (D:6)
  3 adder skeletons
  3 worms
  4 dart slugs
  2 leopard geckos
  24 orcs
  2 giant cockroaches
  6 goblins
  8 hobgoblins
  7 jackals
  6 kobolds
  3 quokkas
  A ball python (D:2)
  11 bats
  7 frilled lizards
  A quokka skeleton (D:4)
  A quokka zombie (D:3)
  5 rats
148 creatures vanquished.

Notes
Turn   | Place    | Note
-------+----------+-------------------------------------------
     0 | D:1      | Descartes the Spriggan Conjurer began the quest for the
                  | Orb.
     0 | D:1      | Reached XP level 1. HP: 9/9 MP: 5/5
   211 | D:1      | Reached XP level 2. HP: 13/13 MP: 1/6
   771 | D:1      | Found a shattered altar of Ashenzari.
  1397 | D:2      | Found a basalt altar of Yredelemnul.
  1399 | D:2      | Reached XP level 3. HP: 16/16 MP: 5/8
  1663 | D:2      | Reached skill level 4 in Stealth
  2252 | D:2      | Reached XP level 4. HP: 21/21 MP: 3/10
  3739 | D:2      | Found a basalt altar of Yredelemnul.
  4362 | D:3      | Found a bloodstained altar of Trog.
  4526 | D:3      | Reached XP level 5. HP: 24/24 MP: 7/11
  4547 | D:3      | Reached skill level 5 in Stealth
  4663 | D:3      | Reached skill level 1 in Evocations
  5064 | D:3      | Found a shattered altar of Ashenzari.
  5082 | D:3      | Found a sparkling altar of Nemelex Xobeh.
  5186 | D:3      | Found an iron altar of Okawaru.
  5186 | D:3      | Found a stormy altar of Qazlal.
  5187 | D:3      | Found a burning altar of Makhleb.
  5187 | D:3      | Found an opulent altar of Gozag.
  5187 | D:3      | Found a shadowy altar of Dithmenos.
  5219 | D:3      | Became a worshipper of Dithmenos the Shadowed
  5420 | D:3      | Found a hazy altar of Hepliaklqana.
  6184 | D:4      | Reached XP level 6. HP: 28/28 MP: 3/12
  6251 | D:4      | Learned a level 2 spell: Searing Ray
  6255 | D:4      | Learned a level 3 spell: Dazzling Spray
  6371 | D:4      | Reached skill level 6 in Stealth
  7018 | D:4      | Found a staircase to the Ecumenical Temple.
  7027 | Temple   | Entered the Ecumenical Temple
  7205 | D:4      | Found a blossoming altar of Fedhas.
  7337 | D:5      | Entered Level 5 of the Dungeon
  7892 | D:5      | Reached skill level 5 in Dodging
  7892 | D:5      | Reached skill level 1 in Hexes
  7892 | D:5      | Reached XP level 7. HP: 19/32 MP: 0/14
  8056 | D:5      | Reached skill level 1 in Invocations
  8243 | D:5      | Reached skill level 7 in Stealth
  9471 | D:6      | Reached * piety under Dithmenos
  9482 | D:6      | Reached XP level 8. HP: 29/36 MP: 12/16
  9781 | D:5      | Reached skill level 8 in Stealth
 10091 | D:6      | Reached skill level 5 in Spellcasting
 10102 | D:6      | Found a radiant altar of Vehumet.
 10201 | D:6      | Found a large runed translucent door.
 10201 | D:6      | Found a large runed translucent door.
 10239 | D:6      | Noticed chimenez's ghost (novice TrMo)
 10720 | D:7      | Reached skill level 5 in Conjurations
 10879 | D:7      | Found a shimmering altar of Xom.
 10880 | D:7      | Found a shimmering altar of Xom.
 10880 | D:7      | Found a shimmering altar of Xom.
 10880 | D:7      | Found a shimmering altar of Xom.
 10880 | D:7      | Found a shimmering altar of Xom.
 10881 | D:7      | Found a shimmering altar of Xom.
 10882 | D:7      | Found a shimmering altar of Xom.
 10887 | D:7      | Found a shimmering altar of Xom.
 11379 | D:7      | Noticed Joseph
 11546 | D:7      | Found Micean's Mayhem Merchandise.
 11605 | D:7      | Noticed a troll
 11608 | D:7      | Noticed a spiny frog
 11638 | D:7      | Learned a level 4 spell: Fulminant Prism
 11643 | D:7      | Learned a level 4 spell: Force Lance
 11980 | D:8      | Reached skill level 9 in Stealth
 12069 | D:8      | Noticed a two-headed ogre
 12175 | D:8      | Killed a two-headed ogre
 12175 | D:8      | Reached XP level 9. HP: 39/39 MP: 17/18
 12516 | D:8      | Noticed Gastronok
 12729 | D:8      | Killed from afar by Gastronok

Skill      XL: |  1  2  3  4  5  6  7  8  9 |
---------------+----------------------------+-----
Conjurations   | 3 4 5 |  5.4
Spellcasting   | 3 4 5 |  5.7
Stealth        | 4 5 6 7 9 |  9.8
Dodging        | 4 5 6 |  6.7
Evocations     | 1 2 3 4 |  4.8
Hexes          | 1 2 3 4 |  4.0
Invocations    | 1 3 |  3.1
Translocations | 2 |  2.4

Action                   |  1- 3 |  4- 6 |  7- 9 || total
-------------------------+-------+-------+-------++-------
Melee: Hunting sling     |       |     1 |       ||     1
       Dagger            |       |    17 |    10 ||    27
       Rapier            |       |       |     3 ||     3
 Fire: Hunting sling     |       |    21 |       ||    21
 Cast: Magic Dart        |   115 |   270 |   253 ||   638
       Dazzling Spray    |       |     1 |    16 ||    17
       Searing Ray       |       |       |    22 ||    22
Evoke: Wand              |       |     3 |       ||     3
  Use: Scroll            |     1 |     7 |       ||     8
  Eat: Ration            |       |     1 |     3 ||     4
Armor: Robe              |     5 |     4 |     1 ||    10
Dodge: Dodged            |    31 |   110 |   118 ||   259
